Map: Blackpink LE

Players

Grimm - Winner!

  • Race: Zerg Zerg
  • League: Gold
  • Spawn Location: 7:00

rockerhelga

  • Race: Protoss Protoss
  • League: Gold
  • Spawn Location: 1:00

VOD

Have the link to the VOD?

Description

Time

  • Played on: Nov. 19, 2017, 10:18 p.m.
  • Length: 8:36
Show
View Real Time Build Order
Export as new Build Order

Grimm Zerg - Winner!

Build Orders: Hatch First 

Get SALT Encoding   

  12  0:01  Drone  
  13  0:12  Overlord  
  13  0:17  Drone  
  14  0:30  Drone x2  
  16  0:40  Drone  
  17  0:56  Drone  
  18  1:02  Hatchery  
  17  1:10  Spawning Pool  
  16  1:12  Drone  
  17  1:19  Extractor  
  17  1:22  Drone x2  
  18  1:28  Overlord  
  18  1:42  Drone  
  19  1:57  Queen  
  19  1:59  Zergling x2  
  22  2:08  Drone  
  23  2:20  Drone x2  
  23  2:21  Queen  
  27  2:23  Overlord  
  27  2:29  Drone  
  28  2:32  Metabolic Boost  
  28  2:41  Extractor, Drone  
  28  2:42  Drone  
  29  2:53  Roach Warren  
  29  2:54  Spore Crawler  
  29  2:57  Drone, Spore Crawler  
  29  2:58  Drone  
  28  2:59  Drone x2  
  30  3:17  Drone  
  30  3:18  Drone  
  30  3:19  Drone  
  33  3:20  Overlord  
  33  3:24  Drone  
  34  3:30  Drone x2  
  34  3:32  Drone x3  
  39  3:40  Lair  
  39  3:43  Drone x2  
  41  3:51  Overlord  
  41  3:56  Drone x3  
  41  3:59  Drone  
  45  4:15  Hatchery  
  44  4:18  Zergling x10  
  49  4:33  Drone  
  49  4:34  Extractor, Spore Crawler, Drone x3  
  49  5:00  Drone  
  49  5:01  Drone x9  
  59  5:07  Overlord x2  
  59  5:17  Spine Crawler  
  59  5:20  Spine Crawler  
  55  5:52  Roach  
  55  5:53  Roach x8  
  71  6:00  Queen  
  73  6:06  Drone  
  73  6:07  Drone x3  
  77  6:21  Hydralisk Den  
  77  6:24  Hatchery  
  77  6:25  Nydus Network, Hatchery  
  74  6:28  Roach x4  
  81  6:38  Overseer  
  81  6:47  Overlord x2, Extractor  
  81  6:48  Overlord x5  
  80  6:54  Spore Crawler  
  79  7:05  Evolution Chamber  
  79  7:06  Evolution Chamber  
  77  7:10  Hydralisk x3  
  77  7:12  Hydralisk  
  77  7:13  Hydralisk x3  
  91  7:28  Nydus Canal  
  91  7:42  Roach x7  
  95  8:03  Drone  
  90  8:07  Roach  
  90  8:08  Roach x7  
Show
View Real Time Build Order
Export as new Build Order

rockerhelga Protoss 

Build Orders:  

Get SALT Encoding   

  12  0:02  Probe  
  13  0:14  Probe  
  13  0:20  Pylon  
  14  0:26  Probe  
  15  0:38  Probe  
  16  0:45  Gateway  
  16  0:50  Probe  
  17  1:03  Pylon  
  17  1:12  Assimilator, Probe  
  18  1:22  Pylon  
  18  1:24  Probe  
  19  1:27  Pylon  
  19  1:36  Probe  
  20  1:49  Cybernetics Core  
  20  2:13  Nexus  
  20  2:18  Zealot  
  22  2:23  Pylon  
  22  2:31  Forge  
  22  2:45  Warp Gate, Adept  
  24  3:12  Adept  
  26  3:15  Shield Battery  
  26  3:24  Pylon  
  26  3:26  Pylon  
  26  3:32  Gateway  
  26  3:34  Gateway  
  26  3:38  Pylon  
  26  4:00  Stargate  
  26  4:12  Probe  
  26  4:14  Probe  
  28  4:21  Assimilator  
  28  4:24  Assimilator x2, Probe  
  28  4:26  Probe  
  30  4:36  Probe  
  31  4:38  Probe  
  32  4:48  Probe  
  32  4:51  Probe  
  32  5:00  Zealot x3, Probe  
  37  5:08  Pylon  
  37  5:11  Photon Cannon  
  37  5:14  Photon Cannon  
  29  5:27  Stalker x2, Zealot  
  33  5:58  Probe  
  33  6:00  Probe  
  35  6:10  Probe  
  36  6:12  Probe  
  36  6:14  Void Ray  
  41  6:22  Probe  
  41  6:24  Probe  
  43  6:34  Probe  
  43  6:36  Probe  
  45  6:46  Probe  
  46  6:48  Probe  
  47  6:57  Void Ray  
  47  6:58  Probe  
  47  7:01  Probe  
  53  7:07  Pylon  
  53  7:11  Probe  
  53  7:13  Pylon, Probe  
  55  7:15  Pylon  
  55  7:23  Probe  
  55  7:25  Probe  
  55  7:29  Forge  
  57  7:35  Probe  
  58  7:57  Zealot  
  58  7:58  Zealot x2  
  33  8:18  Zealot x2  
  33  8:19  Zealot  
Tags
 
League
GoldGold
Matchup
PvZ
Spawn Locations
Cross Positions
Add a new tag
Caveats
  • Supply blocks, unpowered buildings, or Contaminate may cause inaccurate times.
  • Supply counts are checked every 10 seconds.